BSA
MAUI TROPICS @ SPRINGFIELD STARS
08/15/2027
 
TOP OF THE 1ST
Maui Tropics batting - Pitching for Springfield Stars : LHP Anthony Erickson
Pitching: LHP Anthony Erickson
Batting: LHB Mario Olivares 0-0: Ball
1-0: Ball
2-0: Swinging Strike
2-1: Swinging Strike
2-2: Strikes out swinging
Batting: LHB Luis Antonio Torres 0-0: Ground out 3-1 (Groundball, 34S)
Batting: RHB Jesús Espinoza 0-0: Foul Ball, location: 2F
0-1: Ball
1-1: SINGLE (Line Drive, 8LS)
Batting: RHB Luis Alou 0-0: Called Strike
0-1: Called Strike
0-2: Ball
1-2: Ground out 5-3 (Groundball, 25)
Top of the 1st over - 0 run(s), 1 hit(s), 0 error(s), 1 left on base; Maui 0 - Springfield 0
BOTTOM OF THE 1ST
Springfield Stars batting - Pitching for Maui Tropics : RHP Steve Floyd
Pitching: RHP Steve Floyd
Batting: RHB Juan Rodríguez 0-0: Called Strike
0-1: Ball
1-1: Ball
2-1: Foul Ball, location: 2F
2-2: Ball
3-2: Base on Balls
Batting: RHB Calvin Bennett 0-0: Ball
1-0: Ball
Juan Rodríguez is caught stealing 2nd base
2-0: SINGLE (Groundball, 56D)
Batting: LHB Derek Davidson 0-0: Called Strike
0-1: Ball
1-1: Ball
2-1: Ball
3-1: Foul Ball, location: 2F
3-2: Foul Ball, location: 2F
3-2: Ground out 3-1 (Groundball, 3)
Calvin Bennett to second
Batting: LHB Felipe Guerrero 0-0: Foul Ball, location: 2F
0-1: Ball
1-1: Ball
2-1: Ball
3-1: Called Strike
3-2: SINGLE (Line Drive, 6D)
Calvin Bennett to third
Calvin Bennett scores
Batting: RHB Norberto Taváres 0-0: Ball
1-0: Foul Ball, location: 2F
1-1: Ball
2-1: Foul Ball, location: 2F
2-2: Ball
Felipe Guerrero steals 2nd base
3-2: Foul Ball, location: 2F
3-2: SINGLE (Groundball, 3D)
Felipe Guerrero to third
Felipe Guerrero scores
Batting: LHB Elliott Newell 0-0: Ball
1-0: Called Strike
1-1: Ball
Norberto Taváres steals 2nd base
2-1: 2-RUN HOME RUN (Flyball, 78XD), Distance : 439 ft
Batting: LHB Ryan Drake 0-0: Ball
1-0: Foul Ball, location: 2F
1-1: Ball
2-1: Foul Ball, location: 2F
2-2: Ground out 4-3 (Groundball, 4M)
Bottom of the 1st over - 4 run(s), 4 hit(s), 0 error(s), 0 left on base; Maui 0 - Springfield 4
TOP OF THE 2ND
Maui Tropics batting - Pitching for Springfield Stars : LHP Anthony Erickson
Batting: RHB José Herrera 0-0: Called Strike
0-1: Swinging Strike
0-2: Fly out, F8 (Flyball, 8RM)
Batting: LHB José Rivas 0-0: DOUBLE (Flyball, 89XD)
Batting: RHB Ximena Campos 0-0: Ball
1-0: Called Strike
1-1: 2-RUN HOME RUN (Line Drive, 7D), Distance : 396 ft
Batting: RHB Matt Silver 0-0: Ball
1-0: Foul Ball, location: 2F
1-1: Ball
2-1: Foul Ball, location: 2F
2-2: Foul Ball, location: 2F
2-2: Ball
3-2: Strikes out swinging
Batting: RHB John Brown 0-0: Called Strike
0-1: Ball
1-1: Foul Ball, location: 2F
1-2: Ball
2-2: Foul Ball, location: 2F
2-2: Strikes out swinging
Top of the 2nd over - 2 run(s), 2 hit(s), 0 error(s), 0 left on base; Maui 2 - Springfield 4
BOTTOM OF THE 2ND
Springfield Stars batting - Pitching for Maui Tropics : RHP Steve Floyd
Batting: LHB Jesús Tobías 0-0: Swinging Strike
0-1: Ball
1-1: Ball
2-1: Ground out 3-1 (Groundball, 34)
Batting: RHB Félix Gonzáles 0-0: Called Strike
0-1: Ball
1-1: Swinging Strike
1-2: Ball
2-2: Ball
3-2: Strikes out looking
Batting: RHB Juan Rodríguez 0-0: Called Strike
0-1: Called Strike
0-2: Foul Ball, location: 2F
0-2: Foul Ball, location: 2F
0-2: Strikes out swinging
Bottom of the 2nd over - 0 run(s), 0 hit(s), 0 error(s), 0 left on base; Maui 2 - Springfield 4
TOP OF THE 3RD
Maui Tropics batting - Pitching for Springfield Stars : LHP Anthony Erickson
Batting: LHB Mario Olivares 0-0: Ball
1-0: Called Strike
1-1: SINGLE (Line Drive, 6MD)
Batting: LHB Luis Antonio Torres 0-0: Ball
1-0: Foul Ball, location: 2F
1-1: SINGLE (Line Drive, 9LS)
Mario Olivares to second
Batting: RHB Jesús Espinoza 0-0: Ball
1-0: Called Strike
1-1: Foul Ball, location: 2F
1-2: Strikes out looking
Batting: RHB Luis Alou 0-0: Called Strike
0-1: Ball
1-1: Foul Ball, location: 2F
1-2: Foul Ball, location: 2F
1-2: Strikes out swinging
Batting: RHB José Herrera 0-0: Swinging Strike
0-1: Ball
1-1: Fly out, F6 (Line Drive, 6)
Top of the 3rd over - 0 run(s), 2 hit(s), 0 error(s), 2 left on base; Maui 2 - Springfield 4
BOTTOM OF THE 3RD
Springfield Stars batting - Pitching for Maui Tropics : RHP Steve Floyd
Batting: RHB Calvin Bennett 0-0: Ball
1-0: Ball
2-0: Called Strike
2-1: Ball
3-1: Base on Balls
Batting: LHB Derek Davidson 0-0: Ball
1-0: Ball
2-0: Ball
3-0: Base on Balls
Calvin Bennett to second
Batting: LHB Felipe Guerrero 0-0: Called Strike
0-1: Foul Ball, location: 2F
0-2: Ball
1-2: Ball
2-2: Ball
3-2: Foul Ball, location: 2F
3-2: Foul Ball, location: 2F
3-2: Foul Ball, location: 2F
3-2: 3-RUN HOME RUN (Flyball, 9D), Distance : 396 ft
Pitching: RHP Brandon Mitchell
Batting: RHB Norberto Taváres 0-0: Swinging Strike
0-1: Swinging Strike
0-2: Ball
1-2: Ball
2-2: Ball
3-2: Fly out, F8 (Flyball, 8RS)
Batting: LHB Elliott Newell 0-0: Foul Ball, location: 2F
0-1: Ball
1-1: Called Strike
1-2: Ball
2-2: Foul Ball, location: 2F
2-2: Foul Ball, location: 2F
2-2: Foul Ball, location: 2F
2-2: SINGLE (Groundball, 6D) (infield hit)
Batting: LHB Ryan Drake 0-0: Foul Ball, location: 2F
0-1: Called Strike
0-2: DOUBLE (Line Drive, 8RD)
Elliott Newell to third
Batting: LHB Jesús Tobías 0-0: Swinging Strike
0-1: Called Strike
0-2: Ball
1-2: Ball
2-2: SINGLE (Line Drive, 9S)
Elliott Newell scores
Ryan Drake to third
Batting: RHB Félix Gonzáles 0-0: Ball
1-0: Called Strike
1-1: SINGLE (Groundball, 34D)
Ryan Drake scores
Jesús Tobías to second
Runner from 2nd tries for 3rd, SAFE, no throw
Batting: RHB Juan Rodríguez 0-0: Fielders Choice at 2nd, 5-4 (Groundball, 56)
Jesús Tobías scores
Pitching: LHP Mark Stewart
Batting: RHB Calvin Bennett 0-0: Ball
1-0: Fielders Choice at 2nd, 6-4 (Groundball, 6)
Bottom of the 3rd over - 6 run(s), 5 hit(s), 0 error(s), 0 left on base; Maui 2 - Springfield 10
TOP OF THE 4TH
Maui Tropics batting - Pitching for Springfield Stars : LHP Anthony Erickson
Batting: LHB José Rivas 0-0: Called Strike
0-1: Ball
1-1: Foul Ball, location: 2F
1-2: Strikes out swinging
Batting: RHB Ximena Campos 0-0: Called Strike
0-1: Ball
1-1: Ball
2-1: Foul Ball, location: 2F
2-2: Strikes out swinging
Batting: RHB Matt Silver 0-0: Called Strike
0-1: DOUBLE (Line Drive, 7LD)
Batting: RHB John Brown 0-0: Ball
1-0: Called Strike
1-1: Foul Ball, location: 2F
1-2: SINGLE (Groundball, 56D)
Matt Silver to third
Runner from 3rd tries for Home, SAFE, no throw
Batting: LHB Mario Olivares 0-0: Ball
1-0: Ball
2-0: Called Strike
2-1: Ball
3-1: SINGLE (Groundball, 34D)
John Brown to second
Runner from 2nd tries for 3rd, SAFE, throw made to third
Mario Olivares to second
Batting: LHB Luis Antonio Torres 0-0: Ball
1-0: Called Strike
1-1: Foul Ball, location: 2F
1-2: Strikes out swinging
Top of the 4th over - 1 run(s), 3 hit(s), 0 error(s), 2 left on base; Maui 3 - Springfield 10
BOTTOM OF THE 4TH
Springfield Stars batting - Pitching for Maui Tropics : LHP Mark Stewart
Batting: LHB Derek Davidson 0-0: Called Strike
0-1: Ball
1-1: Foul Ball, location: 2F
1-2: Foul Ball, location: 2F
1-2: Ball
2-2: Ground out 4-3 (Groundball, 4)
Batting: LHB Felipe Guerrero 0-0: Ball
1-0: Fly out, F8 (Flyball, 78D)
Batting: RHB Norberto Taváres 0-0: Called Strike
0-1: Ball
1-1: Swinging Strike
1-2: Foul Ball, location: 2F
1-2: Ground out 3-1 (Groundball, 34)
Bottom of the 4th over - 0 run(s), 0 hit(s), 0 error(s), 0 left on base; Maui 3 - Springfield 10
TOP OF THE 5TH
Maui Tropics batting - Pitching for Springfield Stars : LHP Anthony Erickson
Batting: RHB Jesús Espinoza 0-0: Ball
1-0: Called Strike
1-1: Foul Ball, location: 2F
1-2: Strikes out swinging
Batting: RHB Luis Alou 0-0: Called Strike
0-1: Swinging Strike
0-2: Strikes out swinging
Batting: RHB José Herrera 0-0: Foul Ball, location: 2F
0-1: Ball
1-1: SINGLE (Groundball, 56D)
Pitching: RHP George Lockhart
Batting: LHB José Rivas 0-0: Called Strike
0-1: Called Strike
0-2: Ball
1-2: Ball
Wild Pitch!
José Herrera to second
2-2: Strikes out swinging
Top of the 5th over - 0 run(s), 1 hit(s), 0 error(s), 1 left on base; Maui 3 - Springfield 10
BOTTOM OF THE 5TH
Springfield Stars batting - Pitching for Maui Tropics : LHP Mark Stewart
Batting: LHB Elliott Newell 0-0: Ball
1-0: Ball
2-0: Swinging Strike
2-1: Called Strike
2-2: Fly out, F8 (Flyball, 8LS)
Batting: LHB Ryan Drake 0-0: SINGLE (Groundball, 4MD)
Batting: LHB Jesús Tobías 0-0: Ball
1-0: Ground out 4-3 (Groundball, 34D)
Ryan Drake to second
Batting: RHB Félix Gonzáles 0-0: Foul Ball, location: 2F
0-1: Foul Ball, location: 2F
0-2: Foul Ball, location: 2F
0-2: Foul Ball, location: 2F
0-2: Strikes out swinging
Bottom of the 5th over - 0 run(s), 1 hit(s), 0 error(s), 1 left on base; Maui 3 - Springfield 10
TOP OF THE 6TH
Maui Tropics batting - Pitching for Springfield Stars : RHP George Lockhart
Batting: RHB Ximena Campos 0-0: Ball
1-0: Ball
2-0: Foul Ball, location: 2F
2-1: Ball
3-1: Ground out 6-3 (Groundball, 6)
Batting: RHB Matt Silver 0-0: Ball
1-0: SINGLE (Line Drive, 7S)
Batting: RHB John Brown 0-0: Ball
1-0: Ball
2-0: Foul Ball, location: 2F
2-1: Foul Ball, location: 2F
2-2: Ball
3-2: Foul Ball, location: 2F
3-2: Fly out, F9 (Flyball, 89M)
Batting: LHB Mario Olivares 0-0: Ball
1-0: Ground out U3 (Groundball, 34S)
Top of the 6th over - 0 run(s), 1 hit(s), 0 error(s), 1 left on base; Maui 3 - Springfield 10
BOTTOM OF THE 6TH
Springfield Stars batting - Pitching for Maui Tropics : LHP Mark Stewart
Batting: RHB Juan Rodríguez 0-0: Foul Ball, location: 2F
0-1: SINGLE (Groundball, 34D)
Batting: RHB Calvin Bennett 0-0: Ball
1-0: Ball
2-0: Ball
3-0: Base on Balls
Juan Rodríguez to second
Pitching: RHP César Rúbio
Batting: LHB Derek Davidson 0-0: Called Strike
0-1: Foul Ball, location: 2F
0-2: Foul Ball, location: 2F
0-2: DOUBLE (Line Drive, 9D)
Juan Rodríguez scores
Calvin Bennett to third
Runner from 3rd tries for Home, SAFE, no throw
Batting: LHB Felipe Guerrero 0-0: Ball
1-0: Ball
2-0: Ground out 4-3 (Groundball, 4)
Derek Davidson to third
Batting: RHB Norberto Taváres 0-0: Called Strike
0-1: Ball
1-1: Foul Ball, location: 2F
1-2: Ball
2-2: Foul Ball, location: 2F
2-2: Foul Ball, location: 2F
2-2: Ball
3-2: Base on Balls
Batting: LHB Elliott Newell 0-0: Foul Ball, location: 2F
0-1: Ball
1-1: Called Strike
1-2: Grounds into double play, 4-6-3 (Groundball, 34D)
Bottom of the 6th over - 2 run(s), 2 hit(s), 0 error(s), 1 left on base; Maui 3 - Springfield 12
TOP OF THE 7TH
Maui Tropics batting - Pitching for Springfield Stars : RHP George Lockhart
Batting: LHB Luis Antonio Torres 0-0: Foul Ball, location: 2F
0-1: Ball
1-1: Ball
2-1: Ball
3-1: SINGLE (Line Drive, 7S)
Batting: RHB Jesús Espinoza 0-0: Ball
1-0: Called Strike
1-1: Foul Ball, location: 2F
1-2: Grounds into double play, 5-4-3 (Groundball, 5D)
Batting: RHB Luis Alou 0-0: Called Strike
0-1: Ball
1-1: Swinging Strike
1-2: Strikes out swinging
Top of the 7th over - 0 run(s), 1 hit(s), 0 error(s), 0 left on base; Maui 3 - Springfield 12
BOTTOM OF THE 7TH
Springfield Stars batting - Pitching for Maui Tropics : RHP César Rúbio
Batting: LHB Ryan Drake 0-0: Ball
1-0: Foul Ball, location: 2F
1-1: Ball
2-1: Called Strike
2-2: Foul Ball, location: 2F
2-2: Ball
3-2: Strikes out swinging
Batting: LHB Jesús Tobías 0-0: Ball
1-0: Ground out 4-3 (Groundball, 4)
Batting: RHB Félix Gonzáles 0-0: Foul Ball, location: 2F
0-1: Called Strike
0-2: Ball
1-2: Foul Ball, location: 2F
1-2: Ball
2-2: Strikes out swinging, 2-3 out at first.
Bottom of the 7th over - 0 run(s), 0 hit(s), 0 error(s), 0 left on base; Maui 3 - Springfield 12
TOP OF THE 8TH
Maui Tropics batting - Pitching for Springfield Stars : RHP George Lockhart
Batting: RHB José Herrera 0-0: Ball
1-0: Swinging Strike
1-1: Swinging Strike
1-2: Ball
2-2: Strikes out swinging
Batting: LHB José Rivas 0-0: Fly out, F9 (Flyball, 9S)
Batting: RHB Ximena Campos 0-0: Ball
1-0: Ball
2-0: Foul Ball, location: 2F
2-1: Foul Ball, location: 2F
2-2: Foul Ball, location: 2F
2-2: Strikes out swinging
Top of the 8th over - 0 run(s), 0 hit(s), 0 error(s), 0 left on base; Maui 3 - Springfield 12
BOTTOM OF THE 8TH
Springfield Stars batting - Pitching for Maui Tropics : RHP César Rúbio
Pitching: RHP Yong-taek Yi
Batting: RHB Juan Rodríguez 0-0: Ball
1-0: Ball
2-0: Called Strike
2-1: Ball
3-1: Base on Balls
Batting: RHB Calvin Bennett 0-0: Ball
1-0: Foul Ball, location: 2F
1-1: Foul Ball, location: 2F
1-2: Ball
2-2: Grounds into double play, 6-4-3 (Groundball, 6)
Batting: LHB Derek Davidson 0-0: Ground out 4-3 (Groundball, 4)
Bottom of the 8th over - 0 run(s), 0 hit(s), 0 error(s), 0 left on base; Maui 3 - Springfield 12
TOP OF THE 9TH
Maui Tropics batting - Pitching for Springfield Stars : RHP George Lockhart
Batting: RHB Matt Silver 0-0: Fly out, F9 (Flyball, 89M)
Batting: RHB John Brown 0-0: Called Strike
0-1: Foul Ball, location: 2F
0-2: Foul Ball, location: 2F
0-2: Ball
1-2: Ball
2-2: Strikes out looking
Batting: LHB Mario Olivares 0-0: Ball
1-0: Called Strike
1-1: Foul Ball, location: 2F
1-2: Foul Ball, location: 2F
1-2: Strikes out swinging, 2-3 out at first.
Top of the 9th over - 0 run(s), 0 hit(s), 0 error(s), 0 left on base; Maui 3 - Springfield 12
Thursday, March 30th, 2017 - OOTP Baseball 17.12 Build 75